 Dungeon Crawl Stone Soup version 0.29.1-1-gd02db6906a (webtiles) character file.

Game seed: 15133303343685559396

597 Icepheonix32 the Covered (level 7, 0/62 HPs)
             Began as a Minotaur Fighter on Oct 18, 2022.
             Was a Follower of Okawaru.
             Succumbed to an orc priest's poison
             ... on level 4 of the Dungeon.
             The game lasted 00:07:15 (3778 turns).

Icepheonix32 the Covered (Minotaur Fighter)         Turns: 3778, Time: 00:07:16

Health: 0/62       AC: 17    Str: 21    XL:     7   Next: 17%
Magic:  7/7        EV: 13    Int:  7    God:    Okawaru [*.....]
Gold:   92         SH:  4    Dex:  9    Spells: 3/6 levels left

rFire   . . .      SeeInvis .   m - +2 mace (protect)
rCold   . . .      Faith    .   c - +0 buckler
rNeg    . . .      Spirit   .   b - +0 scale mail
rPois   .          Reflect  .   (helmet restricted)
rElec   .          Harm     .   (no cloak)
rCorr   .          Rampage  .   f - +1 pair of gloves
Will    .....                   (no boots)
Stlth   ..........              p - amulet of magic regeneration
HPRegen 0.20/turn               u - +4 ring of evasion
MPRegen 0.50/turn               (no ring)

@: lethally poisoned (0 -> -5), under a protective aura
A: horns 2, retaliatory headbutt
a: Renounce Religion, Heroism


You were on level 4 of the Dungeon.
You worshipped Okawaru.
Okawaru was aware of your devotion.
You visited 1 branch of the dungeon, and saw 4 of its levels.
You also visited: Sewer.

You collected 92 gold pieces.

Inventory:

Hand Weapons
 a - a +0 war axe
 h - a +0 war axe of electrocution
 m - a +2 mace of protection (weapon)
Missiles
 v - 4 boomerangs (quivered)
Armour
 b - a +0 scale mail (worn)
 c - a +0 buckler (worn)
 f - a +1 pair of gloves (worn)
Magical Staves
 d - a staff of poison
 r - a staff of cold
Jewellery
 p - an amulet of magic regeneration (around neck)
 u - a +4 ring of evasion (left hand)
Scrolls
 e - a scroll of vulnerability
 j - 4 scrolls of enchant weapon
 t - a scroll of fear
Potions
 i - a potion of cancellation
 l - a potion of invisibility
 n - 3 potions of lignification
 o - a potion of flight
 q - a potion of degeneration


   Skills:
 * Level 5.7 Fighting
 - Level 3.1(3.9) Axes
 + Level 3.6(4.2) Maces & Flails
 * Level 6.6 Armour
 + Level 1.4 Dodging
 + Level 0.3 Stealth
 + Level 4.1 Shields
 * Level 1.9 Invocations


You had 3 spell levels left.
You knew the following spells:

 Your Spells              Type           Power      Damage    Failure   Level
a - Mephitic Cloud        Conj/Pois/Air  0%         N/A       99%         3

Your spell library contained the following spells:

 Spells                   Type           Power      Damage    Failure   Level
 Magic Dart               Conj           0%         1d3       83%         1
 Sandblast                Erth           0%         2d4       83%         1
 Passwall                 Tmut/Erth      0%         N/A       92%         2
 Stone Arrow              Conj/Erth      0%         3d7       99%         3
 Conjure Ball Lightning   Conj/Air       0%         3x3d6     100%        6
 Discord                  Hex            0%         N/A       100%        8
 Disjunction              Tloc           0%         N/A       100%        8
 Call Imp                 Summ           Unusable   N/A       N/A         2

Dungeon Overview and Level Annotations

Branches:
Dungeon (4/15)              Sewer (visited)
 Temple: D:4-7

Altars:
Kikubaaqudgha
Makhleb
Okawaru
Wu Jian


Innate Abilities, Weirdness & Mutations

You have a pair of horns on your head.
You reflexively headbutt those who attack you in melee.


Message History

You feel very sick. The endoplasm freezes you.
You are frozen.
The orc priest hits you but does no damage.
You are more poisoned.
The orc hits you but does no damage. x2
Unknown command.
You hit the orc.
The orc is almost dead.
You feel very sick.
The endoplasm hits you but does no damage.
The orc priest closely misses you. The orc closely misses you.
The orc barely misses you. You furiously retaliate!
You headbutt the orc.
You kill the orc!
Okawaru accepts your kill. The endoplasm freezes you.
You are frozen.
The orc closely misses you. The orc priest barely misses you.
You feel better.
A ball python comes into view.
The endoplasm barely misses you. You furiously retaliate!
You headbutt the endoplasm, but do no damage.
The orc priest calls down the wrath of Beogh upon you.
Beogh smites you! The orc closely misses you.
The ball python hisses angrily.
You sock the endoplasm!
You kill the endoplasm!
Okawaru accepts your kill. The orc hits you with a +0 flail.
* * * LOW HITPOINT WARNING * * *
The orc priest mumbles some strange prayers to Beogh against you.
Beogh smites you!
* * * LOW HITPOINT WARNING * * *
The orc attacks as you move away! The orc closely misses you.
Found an escape hatch in the floor.
The orc priest hits you but does no damage.
You are lethally poisoned!
You sock the orc priest! You headbutt the orc priest!
You kill the orc priest!
Okawaru accepts your kill.
You die...

....##.........#
##......####.#.# .#..#
[.....##.# ####...###.)..#
##..####.....#.# #...)..##.)###
##...##..##...## ##.#.#......#
#...##.....#..###..#†#......#
##...#...........<##..#..#..#
#.#...#..#.........#)..##..#
#.##...#......>.##.....##..#
#....#.###..o@........###...
#######†#..##....)#####.........
......#.##.........# ###........
...........######..S. .....
...#.................. .#...
........................ ...
.............###........ ..
...###...#...# ....>.. ...
#.#...#...


You could see an orc and a ball python.

Vanquished Creatures
  A water moccasin (Sewer)
  An ice beast (D:4)
  A phantom (D:4)
  A scorpion (D:4)
  2 orc priests (D:4)
  3 orc wizards (D:4)
  6 adders
  A worm (D:4)
  6 dart slugs
  4 orcs (D:4)
  7 bats
  7 endoplasms
  4 giant cockroaches
  12 goblins
  9 hobgoblins
  13 jackals
  4 kobolds
  3 quokkas
  4 ball pythons
  2 frilled lizards
  5 rats
96 creatures vanquished.

Notes
Turn   | Place    | Note
-------+----------+-------------------------------------------
     0 | D:1      | Icepheonix32 the Minotaur Fighter began the quest for the
                  | Orb.
     0 | D:1      | Reached XP level 1. HP: 19/19 MP: 0/0
    53 | D:1      | Reached XP level 2. HP: 26/27 MP: 1/1
   469 | D:1      | Reached skill level 4 in Armour
   469 | D:1      | Reached XP level 3. HP: 32/33 MP: 2/2
   752 | D:2      | Found a faded altar of an unknown god.
  1083 | D:2      | Reached XP level 4. HP: 36/41 MP: 3/3
  1253 | D:2      | Reached skill level 1 in Maces & Flails
  2028 | D:3      | Learned a level 3 spell: Mephitic Cloud
  2047 | D:3      | Found an ornate altar of the Wu Jian Council.
  2048 | D:3      | Found an iron altar of Okawaru.
  2049 | D:3      | Found a burning altar of Makhleb.
  2049 | D:3      | Found an ancient bone altar of Kikubaaqudgha.
  2070 | D:3      | Became a worshipper of Warmaster Okawaru
  2605 | D:4      | Noticed a phantom
  2650 | D:4      | Killed a phantom
  2651 | D:4      | Reached skill level 5 in Fighting
  2651 | D:4      | Reached skill level 5 in Armour
  2651 | D:4      | Reached skill level 1 in Invocations
  2651 | D:4      | Reached XP level 5. HP: 6/48 MP: 4/4
  2937 | D:4      | Noticed an ice beast
  2947 | D:4      | Killed an ice beast
  2947 | D:4      | Reached * piety under Okawaru
  2948 | D:4      | Reached skill level 1 in Dodging
  2948 | D:4      | Reached XP level 6. HP: 56/56 MP: 5/5
  3044 | D:4      | Found a glowing drain.
  3053 | Sewer    | Entered a sewer
  3175 | Sewer    | Noticed a water moccasin
  3182 | Sewer    | Killed a water moccasin
  3183 | Sewer    | Reached skill level 6 in Armour
  3469 | D:4      | Reached XP level 7. HP: 59/62 MP: 7/7
  3776 | D:4      | HP: 1/62 [orc priest/divine providence (13)]
  3778 | D:4      | Succumbed to an orc priest's poison

Illustrated notes

Levels and vault maps discovered:
D:1:      eino_arrival_tree_alley, layout_loops_ring
D:2:      layout_basic, hellmonk_ecumenical_altar_run_dry
D:3:      layout_basic, chequers_temple_overflow_statue_of_worship,
          grunt_ministairs_8, kennysheep_boxes
D:4:      layout_rooms, portal_sewer_entry_d

Skill      XL: |  1  2  3  4  5  6 |
---------------+-------------------+-----
Fighting       | 4 5 |  5.7
Axes           | 3 |  3.1
Armour         | 4 5 6 |  6.6
Maces & Flails | 2 3 |  3.6
Shields        | 4 |  4.1
Invocations    | 1 |  1.9
Dodging        | 1 |  1.4
Stealth        | |  0.3

Action                   |  1- 3 |  4- 6 |  7- 9 || total
-------------------------+-------+-------+-------++-------
Melee: War axe           |    47 |       |       ||    47
       Headbutt          |    12 |    11 |     6 ||    29
       Mace              |    39 |    99 |    25 ||   163
  Use: Scroll            |       |    13 |       ||    13
       Potion            |       |     8 |     2 ||    10
Armor: Scale mail        |    54 |    52 |    26 ||   132
Dodge: Dodged            |    49 |    77 |    18 ||   144
Block: Buckler           |    25 |    27 |     1 ||    53
